Map: Acid Plant LE

Players

Has

  • Race: Protoss Protoss
  • Spawn Location: 11:00

Stats - Winner!

  • Race: Protoss Protoss
  • Spawn Location: 5:00

Event: 2018 WCS Global Finals

VOD

Have the link to the VOD?

Description

Time

  • Played on: Oct. 27, 2018, 11:43 a.m.
  • Length: 5:37

All games in this series

Show
View Real Time Build Order
Export as new Build Order

Has Protoss 

Build Orders: Phoenix Opening 

Get SALT Encoding   

  12  0:00  Probe  
  13  0:12  Probe  
  14  0:17  Pylon  
  14  0:24  Probe  
  15  0:32  Probe  
  15  0:37  Gateway  
  15  0:40  Probe  
  16  0:46  Assimilator  
  17  0:50  Probe  
  17  0:55  Assimilator  
  18  0:59  Probe  
  19  1:07  Probe, Gateway  
  20  1:17  Probe  
  21  1:25  Cybernetics Core  
  21  1:29  Probe  
  22  1:37  Pylon  
  22  1:41  Probe  
  22  1:42  Warp Gate  
  23  2:01  Stalker  
  23  2:02  Stalker  
  27  2:14  Stargate  
  27  2:25  Pylon  
  27  2:31  Stalker  
  27  2:35  Stalker  
  30  2:41  Probe  
  31  2:57  Phoenix  
  33  3:04  Gateway  
  33  3:10  Stalker  
  35  3:17  Stalker  
  37  3:23  Shield Battery  
  37  3:35  Pylon  
  37  4:02  Probe  
  38  4:04  Robotics Facility  
  38  4:09  Stalker x2  
  42  4:14  Probe  
  43  4:17  Pylon  
  43  4:26  Stalker  
  45  4:31  Pylon  
  45  4:43  Stalker  
  49  5:02  Pylon  
  49  5:05  Pylon  
  47  5:23  Adept x2  
Show
View Real Time Build Order
Export as new Build Order

Stats Protoss - Winner!

Build Orders:  

Get SALT Encoding   

  12  0:00  Probe  
  13  0:13  Probe  
  14  0:17  Pylon  
  14  0:24  Probe  
  15  0:32  Probe  
  15  0:36  Gateway  
  15  0:40  Probe  
  16  0:46  Assimilator  
  17  0:51  Probe  
  17  0:54  Assimilator  
  18  0:59  Probe  
  19  1:07  Probe, Gateway  
  19  1:17  Probe  
  20  1:23  Cybernetics Core  
  21  1:29  Probe  
  22  1:33  Pylon  
  22  1:42  Probe  
  23  1:51  Warp Gate  
  23  1:54  Probe  
  24  1:59  Adept x2  
  28  2:09  Pylon  
  28  2:26  Stalker  
  28  2:27  Stalker  
  32  2:41  Robotics Facility  
  32  2:42  Gateway  
  32  2:56  Stalker  
  32  2:57  Stalker  
  36  3:03  Shield Battery  
  36  3:17  Warp Prism, Pylon  
  38  3:54  Stalker x3  
  44  4:01  Pylon  
  44  4:21  Stalker x3  
  50  4:35  Pylon  
  50  4:56  Observer  
  50  4:57  Sentry  
  53  5:01  Nexus  
  53  5:02  Sentry x2  
  53  5:06  Probe  
  58  5:29  Stalker  
  58  5:30  Stalker x2  
Tags
 
Add a new tag
Caveats
  • Supply blocks, unpowered buildings, or Contaminate may cause inaccurate times.
  • Supply counts are checked every 10 seconds.